 Dungeon Crawl Stone Soup version 0.16.1 (webtiles) character file.

153 Fiveotanaka the Cudgeler (level 5, -9/50 HPs)
             Began as an Ogre Hunter on Mar 24, 2015.
             Was a Follower of Ru.
             Mangled by an ogre
             ... wielding a +0 giant club
             ... summoned by a shadow trap
             ... triggered by the player character
              (20 damage)
             ... on level 4 of the Dungeon.
             The game lasted 00:12:14 (3804 turns).

Fiveotanaka the Cudgeler (Ogre Hunter)              Turns: 3804, Time: 00:12:14

Health: -9/50      AC:  3    Str: 17    XL:     5   Next: 35%
Magic:  5/5        EV: 10    Int: 10    God:    Ru [*.....]
Gold:   173        SH:  0    Dex: 11    Spells: 0 memorised, 4 levels left

rFire  . . .     SeeInvis .     y - +0 mace
rCold  . . .     Clarity  .     d - +0 animal skin
rNeg   . . .     SustAb   .     (shield restricted)
rPois  +         Gourm    .     (helmet restricted)
rElec  .         Spirit   .     (no cloak)
rCorr  .         Warding  .     (gloves unavailable)
rMut   +         Stasis   .     (boots unavailable)
MR     .....                    H - amulet of resist mutation
Stlth  +.........               (no ring)
                                r - ring of poison resistance

@: not resistant to hostile enchantments, very unstealthy
A: unfitting armour, tough skin 1, inability to train armour
a: Renounce Religion


You were on level 4 of the Dungeon.
You worshipped Ru.
Ru was aware of your devotion.
You were not hungry.

You visited 1 branch of the dungeon, and saw 4 of its levels.

You collected 173 gold pieces.

Inventory:

Hand weapons
 a - a +0 short sword
 h - a +0 whip
 y - a +0 mace (weapon)
Missiles
 b - 5 large rocks
 c - 2 throwing nets
 e - 2 poisoned tomahawks
 i - 142 stones (quivered)
Armour
 d - a +0 animal skin (worn)
Jewellery
 r - a ring of poison resistance (left hand)
 w - an uncursed amulet of rage
 H - an amulet of resist mutation (around neck)
Magical devices
 E - a wand of polymorph (3)
Scrolls
 g - 4 scrolls of identify
 j - a scroll of teleportation
 k - 2 scrolls of enchant weapon
 l - 4 scrolls of remove curse {unknown}
 n - a scroll of amnesia {unknown}
 s - 3 scrolls of recharging
 C - a scroll of noise {unknown}
 D - a scroll of fear {unknown}
 I - a scroll of magic mapping {unknown}
Potions
 m - a potion of curing {unknown}
 p - a potion of agility {unknown}
 t - a potion of poison {unknown}
 A - a potion of haste {unknown}
 F - a potion of heal wounds {unknown}
Books
 q - Sif Muna's Handbook of Clay
   (You found it on level 2 of the Dungeon)

   Spells                             Type                      Level
   a - Sandblast                      Earth                        1
 u - Kikubaaqudgha's Grimoire of Evil Arts
   (You found it on level 2 of the Dungeon)

   Spells                             Type                      Level
   a - Animate Skeleton               Necromancy                   1
 v - Vehumet's Disquisition on Conjuration
   (You found it on level 2 of the Dungeon)

   Spells                             Type                      Level
   a - Magic Dart                     Conjuration                  1
 z - a book of Clouds

   Spells                             Type                      Level
   a - Mephitic Cloud                 Conjuration/Poison/Air       3
   b - Conjure Flame                  Conjuration/Fire             3
   c - Poisonous Cloud                Conjuration/Poison/Air       6
   d - Freezing Cloud                 Conjuration/Ice/Air          6
   e - Ring of Flames                 Charms/Fire                  7
Comestibles
 f - 3 meat rations
 o - 4 bread rations
 x - 10 fruits
 B - 2 slices of pizza
 G - 2 chunks of flesh


   Skills:
 - Level 2.6 Fighting
 + Level 5.8 Maces & Flails
 - Level 5.0 Throwing
 - Level 1.7 Dodging
 - Level 0.7 Stealth


You had 4 spell levels left.
You didn't know any spells.

Dungeon Overview and Level Annotations

Branches:
Dungeon (4/15)
 Temple: D:4-7

Altars:
Gozag
Kikubaaqudgha
Nemelex Xobeh
Ru
Sif Muna
Vehumet


Innate Abilities, Weirdness & Mutations

You are too large for most types of armour.
You have tough skin (AC +1).
You cannot train Armour skill.


Message History

Aim: a phantom (summoned)
You throw a stone. The stone barely misses the phantom.
The stone hits the kobold.
You kill the kobold!
The kobold's corpse disappears in a puff of smoke!
The phantom hits you.
You hit the ogre but do no damage. The phantom closely misses you.
The ogre barely misses you.
You hit the ogre!
The ogre is moderately wounded.
The phantom hits you.
The phantom blinks!
The ogre hits you with a giant club!!
You hit the ogre.
The ogre is severely wounded.
The ogre barely misses you. The phantom hits you!
* * * LOW HITPOINT WARNING * * *
You hit the phantom but do no damage. The phantom hits you.
* * * LOW HITPOINT WARNING * * *
You barely miss the phantom. The ogre hits you with a giant club!!
You die...

######### ### #.......#
##....#####.#####.#
.......W@OK....##.###.#
##.########.##........#
#.##.##.##### #.##.##.#
#.......# ####...##
#....## #.....##
#......#


You could see a phantom, an ogre and a kobold.

Vanquished Creatures
  A crimson imp (D:4)
  Jessica (D:3)
  Robin (D:3)
  An adder (D:3)
  4 giant geckos
  An ooze (D:2)
  An orc (D:3)
  A ball python (D:2)
  7 bats
  2 giant cockroaches (D:1)
  11 goblins
  7 hobgoblins
  2 jackals (D:1)
  4 giant newts
  10 kobolds
  2 quokkas
  31 rats
87 creatures vanquished.

Notes
Turn   | Place    | Note
--------------------------------------------------------------
     0 | D:1      | Fiveotanaka, the Ogre Hunter, began the quest for the Orb.
     0 | D:1      | Reached XP level 1. HP: 22/22 MP: 1/1
    79 | D:1      | Reached XP level 2. HP: 29/29 MP: 2/2
   112 | D:1      | Reached skill level 5 in Throwing
   388 | D:1      | Reached skill level 1 in Maces & Flails
   842 | D:1      | Reached XP level 3. HP: 36/36 MP: 3/3
  1724 | D:2      | Found a deep blue altar of Sif Muna.
  1728 | D:2      | Identified Sif Muna's Handbook of Clay
  1732 | D:2      | Found an ancient bone altar of Kikubaaqudgha.
  1736 | D:2      | Identified Kikubaaqudgha's Grimoire of Evil Arts
  1740 | D:2      | Found a radiant altar of Vehumet.
  1744 | D:2      | Identified Vehumet's Disquisition on Conjuration
  1827 | D:2      | Found a sacrificial altar of Ru.
  1836 | D:2      | Became a worshipper of Ru the Awakened
  2394 | D:3      | Reached XP level 4. HP: 44/44 MP: 4/4
  2645 | D:3      | Noticed Robin
  2656 | D:3      | Killed Robin
  2762 | D:3      | Found a sparkling altar of Nemelex Xobeh.
  2763 | D:3      | Found an opulent altar of Gozag.
  2887 | D:3      | Noticed Jessica
  2895 | D:3      | Killed Jessica
  3331 | D:3      | Reached skill level 5 in Maces & Flails
  3356 | D:3      | Reached XP level 5. HP: 42/50 MP: 5/5
  3713 | D:4      | Gained mutation: You cannot train Armour skill. [Ru sacrifice]
  3713 | D:4      | Acquired Ru's first power
  3796 | D:4      | Noticed a phantom
  3796 | D:4      | Noticed an ogre
  3804 | D:4      | Mangled by an ogre

Action                   |  1- 3 |  4- 6 || total
-------------------------+-------+-------++-------
Melee: Short sword       |    34 |       ||    34
       Whip              |    63 |       ||    63
       Mace              |    31 |   145 ||   176
Throw: Stone             |    59 |     6 ||    65
       Large rock        |       |     2 ||     2
       Tomahawk          |       |     2 ||     2
Invok: Sacrifice Durabil |       |     1 ||     1
  Use: Scroll            |       |     4 ||     4
 Stab: Sleeping          |     2 |       ||     2
  Eat: Chunk             |     5 |     4 ||     9
